 Dungeon Sprint DCSS version 0.29.1-15-g9cfb28693d (webtiles) character file.

Game seed: 14861485859875761387

11569 Groucho the Earth Mage (level 11, 0/56 HPs)
             Began as a Spriggan Earth Elementalist on Apr 6, 2023.
             Was the Champion of Dithmenos.
             Slain by a dream sheep (31 damage)
             ... in the Dungeon (Sprint VII: "The Pits").
             The game lasted 00:15:55 (6273 turns).

Groucho the Earth Mage (SpEE)                       Turns: 6273, Time: 00:15:55

Health: 0/56       AC:  2    Str:  8    XL:     11   Next: 51%
Magic:  24/30      EV:  4    Int: 17    God:    Dithmenos [******]
Gold:   0          SH:  0    Dex: 19    Spells: 34/38 levels left

rFire   . . .      SeeInvis +   h - +2 dagger
rCold   . . .      Faith    .   (no shield)
rNeg    . . .      Spirit   .   a - +0 robe
rPois   .          Reflect  .   (helmet restricted)
rElec   .          Harm     .   (no cloak)
rCorr   .          Rampage  .   (gloves unavailable)
Will    +....      NoTele   +   (boots unavailable) Stlth **++++++++
                                (no amulet)
HPRegen 0.18/turn               m - +3 ring of evasion
MPRegen 0.22/turn               n - +3 ring of dexterity

@: sleeping, slowed, wreathed by umbra, very quick
A: very small, no large weapons, unfitting armour, see invisible, speed 3
a: Renounce Religion, Shadow Step, Shadow Form


You were in the Dungeon.
You worshipped Dithmenos.
Dithmenos was exalted by your worship.
You visited 1 branch

Inventory:

Hand Weapons
 h - a +2 dagger (weapon)
 o - a +2 rapier of distortion
Armour
 a - a +0 robe (worn)
Jewellery
 m - a +3 ring of evasion (left hand)
 n - a +3 ring of dexterity (right hand)
Scrolls
 g - a scroll of blinking
 k - 5 scrolls of amnesia
 l - a scroll of summoning
Potions
 b - 5 potions of magic
 c - 7 potions of curing
 d - 8 potions of heal wounds
 e - a potion of haste
 f - 4 potions of berserk rage
 i - 2 potions of invisibility
 p - a potion of brilliance
 q - a potion of might
 r - a potion of resistance
 s - a potion of mutation


   Skills:
 + Level 5.4 Fighting
 + Level 7.1 Short Blades
 + Level 15.1 Dodging
 - Level 14.8 Stealth
 + Level 14.0 Spellcasting
 + Level 8.1 Conjurations
 - Level 1.3 Transmutations
 + Level 15.2 Earth Magic
 + Level 6.6 Invocations


You had 34 spell levels left.
You knew the following spells:

 Your Spells              Type           Power      Damage    Failure   Level
a - Sandblast             Erth           100%       2d20      0%          1
b - Stone Arrow           Conj/Erth      100%       3d13      1%          3

Your spell library contained the following spells:

 Spells                   Type           Power      Damage    Failure   Level
 Passwall                 Tmut/Erth      33%        N/A       1%          2
 Petrify                  Tmut/Erth      40%        N/A       1%          4


Dungeon Overview and Level Annotations

Branches:
Dungeon (1/1)

Altars:
Ashenzari
Cheibriados
Dithmenos
Elyvilon
Fedhas
Gozag
Hepliaklqana
Kikubaaqudgha
Makhleb
Nemelex Xobeh
Okawaru
Qazlal
Ru
Sif Muna
Trog
Uskayaw
Vehumet
Wu Jian
Xom
Yredelemnul
Zin
The Shining One
Jiyva
Lugonu


Innate Abilities, Weirdness & Mutations

You are very small and have problems with some larger weapons.
You are too small for most types of armour.
You have supernaturally acute eyesight. (SInv)
You cover ground extremely quickly. (Speed+++)


Message History

Press: ? - help, Shift-Dir - straight line, f/p - wraith
Aim: a wraith (black smoke, moderately damaged, umbra, 78% to hit)
The stone arrow hits the wraith!
The wraith is heavily damaged.
Your shadow mimicks your spell!
The shadow shard hits the wraith!!
You destroy the wraith!
Dithmenos accepts your kill.
The dream sheep "Baaaas" balefully.
Unknown command.
Unknown command.
Casting: Stone Arrow (safe; 1% risk of failure)
Confirm with . or Enter, or press ? or * to list all spells.
Aiming: Stone Arrow (safe; 1% risk of failure)
Press: ? - help, Shift-Dir - straight line, f - dream sheep
Aim: a dream sheep (umbra, 78% to hit)
The stone arrow hits the dream sheep!!
You kill the dream sheep!
Dithmenos accepts your kill.
The dream sheep are wreathed in dream dust.
You feel drowsy...
You fall asleep.
The dream sheep bites you!
You wake up.
You emit a cloud of dark smoke.
The dream sheep misses you.
Unknown command.
Unknown command.
The dream sheep completely misses you.
Things that are here:
a +2 dagger of chaos; a +0 robe Unknown command.
Things that are here:
a +0 flail; a +0 dagger of protection; a +0 ring mail Unknown command.
You see here a +0 halberd.
There is an open door, spattered with blood here.
You see here a +0 short sword.
The dream sheep shake their wool and sparkle.
You feel drowsy...
You fall asleep.
The dream sheep bites you!!
Ouch! That really hurt!
You die...

.#####'#####))######
###.......##''############# ###
.##.......##......#.).'....###...
.##.......##.)..###.).###...#...#
###...<...##...##.'...'.##.....##
.##.......##).##..##'##..##...##.
.##.......##..#..##.§§##..'...#..
###.......##))#..#YY§§Y#Y.#..÷#..
.###########..).@Y))§Y§§YY'Y..†YW
############..#..#).§§§#..#...#.9
#..).#..[[##..#..##..§##..'...#..
#....#..[[##..##..##'##).##...##.
'....'..))##...##.'...'.##.....##
#....#..).##....###...###...#...#
#....#..))##.....)#.).'....###...
########################### ####


You could see 4 dream sheep.

Vanquished Creatures
  Josephine (D)
  A two-headed ogre (D)
  Erica (D)
  A death knight (D)
  2 death yaks (D)
  An orc high priest (D)
  Urug (D)
  A deep elf zephyrmancer (D)
  An orc knight (D)
  A molten gargoyle (D)
  A smoke demon (D)
  Psyche (D)
  A freezing wraith (D)
  An ice devil (D)
  A hornet (D)
  A tarantella (D)
  Prince Ribbit (D)
  4 slime creatures (D)
  A dream sheep (D)
  A ynoxinul (D)
  4 wraiths (D)
  A warg (D)
  2 floating eyes (D)
  An ogre (D)
  5 orc warriors (D)
  8 wolves (D)
  A phantom (D)
  A kobold brigand (D)
  A necrophage (D)
  A scorpion (D)
  4 wights (D)
  A quasit (D)
  A hound (D)
  An orc priest (D)
  3 iron imps (D)
  An orc wizard (D)
  2 gnolls (D)
  A river rat (D)
  An ufetubus (D)
  7 orcs (D)
  A bat zombie (D)
  2 endoplasms (D)
  A giant cockroach (D)
  A goblin (D)
  8 jackals (D)
  A kobold (D)
  2 ball pythons (D)
  A frilled lizard (D)
88 creatures vanquished.

Notes
Turn   | Place    | Note
-------+----------+-------------------------------------------
     0 | D        | Groucho the Spriggan Earth Elementalist began the quest for
                  | the Orb.
     0 | D        | Reached XP level 1. HP: 9/9 MP: 5/5
    38 | D        | Found a bloodstained altar of Trog.
    38 | D        | Found a shimmering blue altar of Sif Muna.
    38 | D        | Found a viscous altar of Jiyva.
    38 | D        | Found a hazy altar of Hepliaklqana.
    38 | D        | Found an opulent altar of Gozag.
    40 | D        | Found a glowing golden altar of the Shining One.
    40 | D        | Found a glowing silver altar of Zin.
    40 | D        | Found a basalt altar of Yredelemnul.
    40 | D        | Found a shimmering altar of Xom.
    40 | D        | Found an ornate altar of the Wu Jian Council.
    40 | D        | Found a sacrificial altar of Ru.
    40 | D        | Found a stormy altar of Qazlal.
    40 | D        | Found an iron altar of Okawaru.
    40 | D        | Found a sparkling altar of Nemelex Xobeh.
    40 | D        | Found a burning altar of Makhleb.
    40 | D        | Found a blossoming altar of Fedhas.
    40 | D        | Found a white marble altar of Elyvilon.
    40 | D        | Found a shadowy altar of Dithmenos.
    40 | D        | Found a snail-covered altar of Cheibriados.
    41 | D        | Found a radiant altar of Vehumet.
    41 | D        | Found a corrupted altar of Lugonu.
    42 | D        | Found an ancient bone altar of Kikubaaqudgha.
    42 | D        | Found a hide-covered altar of Uskayaw.
    42 | D        | Found a broken altar of Ashenzari.
    47 | D        | Became a worshipper of Dithmenos the Shadowed
    58 | D        | Noticed a floating eye
    60 | D        | Paralysed by a floating eye for 4 turns
    66 | D        | Killed a floating eye
    67 | D        | Reached skill level 5 in Dodging
    67 | D        | Reached skill level 5 in Spellcasting
    67 | D        | Reached skill level 5 in Earth Magic
    67 | D        | Reached XP level 2. HP: 13/13 MP: 2/9
    67 | D        | Reached XP level 3. HP: 16/16 MP: 2/11
    67 | D        | Reached XP level 4. HP: 21/21 MP: 2/12
   370 | D        | Learned a level 3 spell: Stone Arrow
   384 | D        | Reached * piety under Dithmenos
   400 | D        | Reached ** piety under Dithmenos
   605 | D        | Noticed a scorpion
   628 | D        | Killed a scorpion
   629 | D        | Reached XP level 5. HP: 21/24 MP: 8/14
   634 | D        | Reached *** piety under Dithmenos
   889 | D        | Reached **** piety under Dithmenos
   890 | D        | Noticed a phantom
   919 | D        | Killed a phantom
  1156 | D        | Reached XP level 6. HP: 28/28 MP: 14/17
  1160 | D        | Reached skill level 1 in Conjurations
  1161 | D        | Noticed a floating eye
  1163 | D        | Killed a floating eye
  1163 | D        | Reached ***** piety under Dithmenos
  1164 | D        | Reached skill level 10 in Stealth
  1165 | D        | Noticed a death yak
  1185 | D        | Killed a death yak
  1186 | D        | Reached skill level 10 in Dodging
  1186 | D        | Reached skill level 10 in Earth Magic
  1186 | D        | Reached XP level 7. HP: 32/32 MP: 1/20
  1186 | D        | Reached XP level 8. HP: 36/36 MP: 1/22
  1730 | D        | Noticed a hornet
  1732 | D        | Killed a hornet
  1733 | D        | Reached skill level 10 in Spellcasting
  1816 | D        | Noticed a death yak
  1847 | D        | Killed a death yak
  1848 | D        | Reached skill level 5 in Conjurations
  1848 | D        | Reached XP level 9. HP: 38/39 MP: 1/24
  2187 | D        | Noticed Erica
  2191 | D        | Killed Erica
  2224 | D        | Noticed a freezing wraith
  2247 | D        | Reached ****** piety under Dithmenos
  2257 | D        | Killed a freezing wraith
  2902 | D        | Noticed Psyche
  2904 | D        | Killed Psyche
  2905 | D        | Reached skill level 1 in Short Blades
  2905 | D        | Reached skill level 1 in Invocations
  2908 | D        | Noticed Prince Ribbit
  2910 | D        | Killed Prince Ribbit
  2911 | D        | Reached skill level 1 in Fighting
  2911 | D        | Reached XP level 10. HP: 39/45 MP: 18/27
  2958 | D        | Noticed Josephine
  2960 | D        | Killed Josephine
  3344 | D        | Noticed an orc high priest
  3345 | D        | Noticed an orc knight
  3350 | D        | Noticed a deep elf zephyrmancer
  3350 | D        | Noticed a smoke demon
  3351 | D        | Noticed a soul eater
  3384 | D        | Killed a deep elf zephyrmancer
  3628 | D        | Noticed a death knight
  3629 | D        | Noticed a two-headed ogre
  3647 | D        | Killed a two-headed ogre
  3654 | D        | Noticed an orange demon
  3663 | D        | Noticed a sixfirhy
  3923 | D        | Noticed a sea snake
  3923 | D        | Noticed an alligator
  3923 | D        | Noticed a spriggan defender
  4020 | D        | Killed a smoke demon
  4050 | D        | Killed a death knight
  4051 | D        | Reached skill level 5 in Short Blades
  4051 | D        | Reached skill level 5 in Invocations
  4326 | D        | Killed an orc knight
  4327 | D        | Reached XP level 11. HP: 53/53 MP: 19/29
  5067 | D        | Killed an orc high priest
  5809 | D        | Reached skill level 15 in Earth Magic
  5879 | D        | Noticed a deep elf pyromancer
  5879 | D        | Noticed Urug
  5881 | D        | Reached skill level 5 in Fighting
  5938 | D        | Killed Urug
  5939 | D        | Reached skill level 15 in Dodging
  6273 | D        | Slain by a dream sheep

Illustrated notes

Levels and vault maps discovered:
D:        pitsprint [storerooms_1, entrance_room_1, metal_vault_6, armoury_2,
          mini_pit_1, grid_room_1, main_hall_1, silver_pit, the_coven_3,
          the_vestibule_1, steel_vault_2, golden_pit, hallway_of_sentries,
          crystal_vault_2, iron_vault_4, final_vault]

Skill      XL: |  1  2  3  4  5  6  7  8  9 10 11 |
---------------+----------------------------------+-----
Dodging        | 5 6 7 10 11 12 14 15 | 15.1
Stealth        | 6 8 9 11 13 14 | 14.8
Spellcasting   | 5 6 7 9 10 12 13 14 | 14.0
Earth Magic    | 5 6 7 10 11 13 14 15 | 15.2
Conjurations   | 3 5 6 7 8 |  8.1
Short Blades   | 1 5 7 |  7.1
Invocations    | 1 5 6 |  6.6
Fighting       | 1 4 5 |  5.4
Transmutations | |  1.3

Action                   |  1- 3 |  4- 6 |  7- 9 | 10-12 || total
-------------------------+-------+-------+-------+-------++-------
Melee: Dagger            |       |    10 |    11 |    14 ||    35
       Punch             |       |     1 |       |       ||     1
Throw: Stone             |       |       |       |    10 ||    10
 Cast: Sandblast         |     4 |    29 |     4 |    12 ||    49
       Stone Arrow       |       |     4 |    23 |    70 ||    97
Invok: Shadow Step       |       |     1 |     4 |     3 ||     8
  Use: Potion            |       |       |       |     2 ||     2
 Stab: Sleeping          |       |     6 |     6 |    10 ||    22
       Distracted        |       |       |       |     2 ||     2
Armor: Robe              |       |     2 |     1 |       ||     3
Dodge: Dodged            |       |    40 |    26 |    23 ||    89
